 Dungeon Crawl Stone Soup version 0.27.1-34-g3ba077fa99 (webtiles) character file.

Game seed: 7408239887943771332

708 Karpo the Covert (level 7, 0/32 HPs)
             Began as a Spriggan Enchanter on Jan 22, 2022.
             Slain by a jelly (3 damage)
             ... on level 2 of the Dungeon.
             The game lasted 00:16:42 (7592 turns).

Karpo the Covert (Spriggan Enchanter)               Turns: 7592, Time: 00:16:42

Health: 0/32       AC:  3    Str: 10    XL:     7   Next: 40%
Magic:  14/14      EV: 17    Int: 18    God:
Gold:   160        SH:  0    Dex: 16    Spells: 8/14 levels left

rFire    . . .     SeeInvis +   a - +1 dagger
rCold    . . .     Faith    .   (shield restricted)
rNeg     . . .     Spirit   .   b - +0 robe
rPois    .         Reflect  .   (helmet restricted)
rElec    .         Harm     .   v - +0 cloak
rCorr    .         Rampage  .   (gloves unavailable)
Will     +....                  (boots unavailable)
Stlth    ++++......             (no amulet)
HPRegen  0.10/turn              h - +6 ring of strength
MPRegen  0.14/turn              (no ring)

@: very quick
A: very small, no large weapons, unfitting armour, see invisible, speed 3
a: no special abilities


You were on level 2 of the Dungeon.
You visited 2 branches of the dungeon, and saw 7 of its levels.

You collected 160 gold pieces.

Inventory:

Hand Weapons
 a - a +1 dagger (weapon)
 c - a +0 short sword
Missiles
 p - a throwing net
Armour
 b - a +0 robe (worn)
 v - a +0 cloak (worn)
Jewellery
 h - a +6 ring of strength (left hand)
 i - a +6 ring of intelligence
Wands
 m - a wand of iceblast (5)
 u - a wand of mindburst (13)
Scrolls
 d - a scroll of teleportation {unknown}
 e - 2 scrolls of magic mapping {unknown}
 g - a scroll of blinking {unknown}
 k - a scroll of enchant weapon {unknown}
 o - 3 scrolls of torment {unknown}
 s - 5 scrolls of identify {unknown}
 t - a scroll of enchant armour {unknown}
Potions
 f - 2 potions of might {unknown}
 j - a potion of cancellation {unknown}
 l - a potion of flight {unknown}
 n - 2 potions of attraction {unknown}
 q - 2 potions of mutation {unknown}
 r - 3 potions of curing {unknown}
 w - a potion of haste {unknown}


   Skills:
 - Level 5.0 Short Blades
 - Level 2.6 Dodging
 - Level 8.0 Stealth
 - Level 4.0 Spellcasting
 + Level 6.7 Hexes


You had 8 spell levels left.
You knew the following spells:

 Your Spells              Type           Power      Damage    Failure   Level
a - Corona                Hex            30%        N/A       1%          1
b - Ensorcelled Hibernat  Hex/Ice        30%        N/A       5%          2
c - Confusing Touch       Hex            27%        N/A       2%          3

Your spell library contained the following spells:

 Spells                   Type           Power      Damage    Failure   Level
 Tukima's Dance           Hex            27%        N/A       2%          3
 Dazzling Flash           Conj/Hex       30%        N/A       11%         3
 Summon Guardian Golem    Hex/Summ       15%        N/A       11%         3
 Summon Small Mammal      Summ           12%        N/A       14%         1
 Call Canine Familiar     Summ           3%         N/A       41%         3


Dungeon Overview and Level Annotations

Branches:
Dungeon (6/15)             Temple (1/1) D:5

Altars:
Ashenzari
Cheibriados
Fedhas
Kikubaaqudgha
Makhleb
Okawaru
Qazlal
Sif Muna
Uskayaw
Vehumet
Wu Jian
Xom
Yredelemnul

Shops:
D:1 [


Innate Abilities, Weirdness & Mutations

You are very small and have problems with some larger weapons.
You are too small for most types of armour.
You have supernaturally acute eyesight. (SInv)
You cover ground extremely quickly. (Speed+++)


Message History

Things that are here:
a +0 club; a kobold skeleton You hit the jelly.
Your hands burn!
The jelly is moderately wounded.
The jelly hits you.
You are splashed with acid!
You barely miss the jelly.
The jelly is moderately wounded.
The jelly closely misses you.
The endoplasm quivers.
You hit the jelly.
Your hands burn!
The jelly is moderately wounded.
You hit the jelly but do no damage.
Your hands burn!
* * * LOW HITPOINT WARNING * * *
The jelly is moderately wounded.
The jelly closely misses you.
Casting: Ensorcelled Hibernation (safe; 5% risk of failure)
Confirm with . or Enter, or press ? or * to list all spells.
Aiming: Ensorcelled Hibernation (safe; 5% risk of failure)
Press: ? - help, Shift-Dir - straight line, f - jelly
Aim: a jelly (moderately wounded, chance to affect: 54%)
The jelly resists with significant effort.
The jelly completely misses you.
You hit the jelly but do no damage.
Your hands burn!
* * * LOW HITPOINT WARNING * * *
The jelly is moderately wounded.
The jelly closely misses you.
The jelly jiggles.
There is an open door here.
You close the door.
You start resting.
Magic restored.
You start resting.
You hear a slurping noise.
The jelly eats the door!
The jelly quivers.
You hit the jelly.
Your hands burn!
* * * LOW HITPOINT WARNING * * *
The jelly is lightly wounded.
The jelly hits you.
You die...

#.# #.# #.#.#.#### #># #.#
#.#......# #.# ### # ######.#
#.# ######## #.# #.####
##########..J÷..# #.#
#.##.####......##'.PPP..# #.#
#.#...##.).....#J#.J.J..####.##
#.....'.....)..#)#÷J.P÷P##.....
#.#...'...))).@#.#...JJ.##.....
#.#...'..)...#J#J#.÷....####.#.
#.#.#.##.....#.#.#......# #.#.
#.#.#####....#.#.#.P..P.# ##.#.
#.... #######.##.÷.÷J(# #..#.
###.# ########### #.##. .# ###
#.##. #.###.##. #........


You could see a jelly.

Vanquished Creatures
  A black bear (D:5)
  2 ogres (D:4)
  A necrophage (D:5)
  A jelly (D:4)
  A centaur zombie (D:5)
  A hound (D:5)
  Terence (D:2)
  Jessica (D:2)
  A hound zombie (D:5)
  2 mummies (D:4)
  A gnoll (D:1)
  7 adders
  2 ufetubi
  2 worms
  2 dart slugs
  9 orcs
  11 endoplasms
  A giant cockroach (D:2)
  3 goblins
  3 hobgoblins
  5 jackals (D:1)
  2 quokkas
  5 ball pythons
  6 frilled lizards
  2 hobgoblin zombies (D:4)
  11 kobolds
  2 kobold zombies (D:4)
  2 orc zombies (D:4)
  A rat (D:1)
89 creatures vanquished.

Vanquished Creatures (others)
  8 fungi (D:2)
  5 toadstools (D:2)
13 creatures vanquished.

Grand Total: 102 creatures vanquished

Notes
Turn   | Place    | Note
-------+----------+-------------------------------------------
     0 | D:1      | Karpo the Spriggan Enchanter began the quest for the Orb.
     0 | D:1      | Reached XP level 1. HP: 9/9 MP: 5/5
   231 | D:1      | Reached XP level 2. HP: 4/13 MP: 6/6
   446 | D:2      | Learned a level 2 spell: Ensorcelled Hibernation
   451 | D:1      | Reached skill level 5 in Stealth
   817 | D:3      | Found a blossoming altar of Fedhas.
   821 | D:3      | Reached XP level 3. HP: 16/16 MP: 5/8
  1064 | D:3      | Reached skill level 6 in Stealth
  1297 | D:3      | Found a snail-covered altar of Cheibriados.
  1462 | D:4      | Learned a level 3 spell: Confusing Touch
  1465 | D:4      | You fall into a shaft and drop 1 floor!
  1465 | D:5      | Entered Level 5 of the Dungeon
  1486 | D:3      | Found a faded altar of an unknown god.
  1739 | D:4      | Reached XP level 4. HP: 12/21 MP: 9/9
  2323 | D:4      | Noticed an ogre
  2636 | D:4      | Found a shimmering altar of Xom.
  3033 | D:4      | Noticed an ogre
  3035 | D:4      | Killed an ogre
  3036 | D:4      | Reached skill level 7 in Stealth
  3036 | D:4      | Reached XP level 5. HP: 24/24 MP: 10/10
  3490 | D:4      | Found a hide-covered altar of Uskayaw.
  3522 | D:4      | Killed an ogre
  3523 | D:4      | Reached skill level 8 in Stealth
  3523 | D:4      | Reached XP level 6. HP: 28/28 MP: 1/11
  3879 | D:4      | Reached skill level 5 in Short Blades
  5819 | D:5      | Reached skill level 5 in Hexes
  5819 | D:5      | Reached XP level 7. HP: 32/32 MP: 9/14
  6063 | D:5      | Found a staircase to the Ecumenical Temple.
  6069 | Temple   | Entered the Ecumenical Temple
  6508 | D:1      | Found Buneu's Armour Shop.
  6874 | D:2      | Noticed Terence
  6878 | D:2      | Killed Terence
  7163 | D:2      | Noticed Jessica
  7166 | D:2      | Killed Jessica
  7592 | D:2      | Slain by a jelly

Illustrated notes

Levels and vault maps discovered:
D:1:      dpeg_arrival_simpleton_c, layout_loops_ring, serial_shops, shop
D:2:      cheibrodos_fertilizer, layout_loops_corners, uniq_sigmund,
          uniq_jessica, uniq_terence
D:3:      layout_loops_cross, mainiacjoe_overflow_concentric_impassable,
          mainiacjoe_overflow_boulevard, cheibriados_altar_1,
          ebering_ecumenical_altar_rust, serial_shops, shop
D:4:      layout_basic, nicolae_uskayaw_suspiria, lemuel_coloured_pillars_altar,
          nicolae_ossuary_entry_giza, hex_tiny, minmay_mini_ossuary
D:5:      layout_basic, minmay_temple_entry_enclosed_plants, amethyst_killhole,
          st_stairs_1, minmay_misc_feat_cross, kennysheep_generic_room_3
D:6:      layout_loops_corners, trog_book, uniq_duvessa
Temple:   compressed_dpeg_triangle_lava_temple

Skill      XL: |  1  2  3  4  5  6  7 |
---------------+----------------------+-----
Stealth        | 5 6 7 8 |  8.0
Short Blades   | 2 3 4 5 |  5.0
Spellcasting   | 4 |  4.0
Hexes          | 5 6 |  6.7
Dodging        | |  2.6

Action                   |  1- 3 |  4- 6 |  7- 9 || total
-------------------------+-------+-------+-------++-------
Melee: Dagger            |    76 |   166 |    88 ||   330
 Cast: Ensorcelled Hiber |    11 |    22 |     6 ||    39
       Confusing Touch   |     1 |     4 |     1 ||     6
 Stab: Sleeping          |    19 |    11 |    14 ||    44
       Distracted        |       |     1 |       ||     1
       Confused          |       |     4 |     1 ||     5
Armor: Robe              |     6 |    11 |     5 ||    22
Dodge: Dodged            |    65 |   140 |    45 ||   250
